 Dungeon Crawl Stone Soup version 0.31-a0-1620-gcbf77bbcfc (webtiles) character file.

Game seed: 640361149793843422

72 Newt the Trooper (level 4, -7/37 HPs)
             Began as a Demonspawn Gladiator on Jan 11, 2024.
             Killed from afar by an orc wizard (10 damage)
             ... with a magic dart
             ... on level 2 of the Dungeon.
             The game lasted 00:01:25 (1594 turns).

Newt the Trooper (Demonspawn Gladiator)             Turns: 1594, Time: 00:01:27

Health: -7/37      AC:  3    Str: 15 (16) XL:     4   Next: 7%
Magic:  4/4        EV: 12    Int:  8 (9)  God:
Gold:   99         SH:  0    Dex: 12 (14) Spells: 3/3 levels left

rFire   . . .        a - +0 rapier
rCold   . . .        (no shield)
rNeg    . . .        b - +0 leather armour
rPois   .            (helmet restricted)
rElec   .            (no cloak)
rCorr   .            (no gloves)
SInv    .            (no boots)
Will    .....        (no amulet)
Stlth   +            (no ring)
HPRegen 0.26/turn    (no ring)
MPRegen 0.09/turn

%: no passive effects
@: lethally poisoned (-7 -> -18)
A: horns 1, demonic guardian 1
a: no special abilities


You were on level 2 of the Dungeon.
You visited 1 branch of the dungeon, and saw 3 of its levels.

You collected 99 gold pieces.

Inventory:

Hand Weapons
 a - a +0 rapier (weapon)
Missiles
 e - a javelin
Armour
 b - a +0 leather armour (worn)
 c - a +0 helmet
Scrolls
 g - a scroll of revelation {unknown}
 i - 2 scrolls of noise {unknown}
 j - a scroll of enchant weapon {unknown}
 k - a scroll of teleportation {unknown}


   Skills:
 - Level 4.0 Fighting
 + Level 3.2 Short Blades
 - Level 1.7 Throwing
 - Level 2.6 Dodging


You had 3 spell levels left.
You didn't know any spells.
Your spell library contained the following spells:

 Spells                   Type           Power      Damage    Failure   Level
 Ensorcelled Hibernation  Hex/Ice        0%         N/A       63%         2
 Mercury Vapours          Alch/Air       0%         N/A       63%         2
 Mephitic Cloud           Conj/Alch/Air  0%         N/A       85%         3
 Passwall                 Erth           0%         N/A       85%         3
 Swiftness                Air            0%         N/A       85%         3
 Freezing Cloud           Conj/Ice/Air   0%         6-21      100%        5


Dungeon Overview and Level Annotations

Branches:
Dungeon (3/15)

Altars:


Innate Abilities, Weirdness & Mutations

You have a pair of small horns on your head.
A weak demonic guardian rushes to your aid.


Message History

* * * LOW HITPOINT WARNING * * *
The orc wizard struggles against the net.
The net rips apart, and the orc wizard comes free!
It was a potion of heal wounds.
You feel much better.
You feel sick.
You hit the orc wizard. Your headbutt misses the orc wizard.
The orc wizard is severely wounded.
You feel sick.
You are no longer poisoned.
The orc wizard hits you with a +0 dagger of venom.
You are poisoned.
You bump into the rock wall.
You feel less confused.
You feel sick.
The orc wizard hits you but does no damage.
You are more poisoned.
You closely miss the orc wizard. Your headbutt misses the orc wizard.
The orc wizard is severely wounded.
You feel very sick. The orc wizard barely misses you.
You barely miss the orc wizard.
The orc wizard is severely wounded.
You feel very sick.
The orc wizard hits you with a +0 dagger of venom.
* * * LOW HITPOINT WARNING * * *
You are more poisoned.
It was a potion of degeneration.
There was something very wrong with that liquid.
You feel weakened.
You feel dopey.
You feel clumsy.
* * * LOW HITPOINT WARNING * * *
You feel very sick. The orc wizard closely misses you.
Unknown command.
You hit the orc wizard but do no damage.
You headbutt the orc wizard.
The orc wizard is almost dead.
* * * LOW HITPOINT WARNING * * *
You feel very sick.
The orc wizard points at you and mumbles some strange words.
The magic dart hits you!
You die...

#..........#.################
#.########....##
#.#######...#..##############
#.##.......##....<.....##....
#.##.####....#..######.##.###
## #.##.# ##..###.######.##.#
.####.##.# #.## ##....##.##.#
.......#.# #.)###.###.##.##.#
#####..#.#####.#@#.##
#.##....#
#...<......#.o.####.#######
#####....##.......(..##.#
......#).......#...#.##.#
#####....##....##.#...#.#
##.#.###...##.......# #...#
#.#..........# ###.#
#<...........# #.#
#.#.##.......#


You could see an orc wizard.

Vanquished Creatures
  3 adders (D:2)
  A dart slug (D:1)
  A ribbon worm (D:2)
  An orc (D:2)
  8 endoplasms
  3 giant cockroaches (D:1)
  3 goblins
  4 hobgoblins (D:1)
  3 ball pythons
  3 bats
  A frilled lizard (D:1)
  3 kobolds
  4 rats (D:1)
38 creatures vanquished.

Notes
Turn   | Place    | Note
-------+----------+-------------------------------------------
     0 | D:1      | Newt the Demonspawn Gladiator began the quest for the Orb.
     0 | D:1      | Reached XP level 1. HP: 16/16 MP: 1/1
   184 | D:1      | Gained mutation: A weak demonic guardian rushes to your
                  | aid. [demonic ancestry]
   184 | D:1      | Reached XP level 2. HP: 22/23 MP: 2/2
   367 | D:1      | Reached skill level 3 in Fighting
   766 | D:1      | Gained mutation: You have a pair of small horns on your
                  | head. [demonic ancestry]
   766 | D:1      | Reached XP level 3. HP: 29/29 MP: 3/3
   912 | D:2      | Reached skill level 4 in Fighting
  1037 | D:2      | Found a faded altar of an unknown god.
  1124 | D:2      | Reached XP level 4. HP: 37/37 MP: 4/4
  1594 | D:2      | Killed from afar by an orc wizard

Illustrated notes

Levels and vault maps discovered:
D:1:      lemuel_arrival_broad_hall, layout_basic
D:2:      layout_loops_ring, chequers_ecumenical_altar_lobes
D:3:      layout_basic, palyth_temple_overflow_mages, old_standard_altar,
          serial_shops, nicolae_shop_just_a_little_nook, grunt_ministairs_12,
          st_stairs_1, uniq_natasha

Skill      XL: |  1  2  3 |
---------------+----------+-----
Fighting       | 3 4 |  4.0
Short Blades   | 3 |  3.2
Throwing       | |  1.7
Dodging        | |  2.6

Action                     |  1- 3 |  4- 6 || total
---------------------------+-------+-------++-------
  Melee: Rapier            |    96 |    16 ||   112
         Headbutt          |     5 |     6 ||    11
  Throw: Throwing net      |       |     3 ||     3
    Use: Potion            |       |     2 ||     2
   Stab: Sleeping          |     4 |     1 ||     5
 Armour: Leather armour    |    40 |    11 ||    51
  Dodge: Dodged            |    57 |     7 ||    64

Table legend: (Time is in decaauts)
 A = Elapsed time spent in this place.
 B = Non-inter-level travel time spent in this place.
 C = Inter-level travel time spent in this place.
 D = Time resting spent in this place.
 E = Time spent auto-exploring this place.
 F = Levels seen in this place.
 G = Mean time per level.
                   A        B        C        D        E       F      G
               +--------+--------+--------+--------+--------+-----+--------+
         Total |   1601 |   1546 |     55 |      0 |   1273 |   3 |  533.7 |
       Dungeon |   1601 |   1546 |     55 |      0 |   1273 |   3 |  533.7 |
               +--------+--------+--------+--------+--------+-----+--------+

Top non-repeatable levels by time:
     D:1: 826 daAuts
     D:2: 767 daAuts
     D:3: 7 daAuts
